Map: Blood Boil LE

Players

Railgan - Winner!

  • Race: Zerg Zerg
  • League: Master
  • Spawn Location: 5:00

IlIlIlIlIlIl

  • Race: Zerg Zerg
  • League: Master
  • Spawn Location: 11:00

VOD

https://youtu.be/OAr2cS9WmlQ

Description

Time

  • Played on: May 3, 2017, 7:12 p.m.
  • Length: 6:04
Show
View Real Time Build Order
Export as new Build Order

Railgan Zerg - Winner!

Build Orders: Hatch First 

Get SALT Encoding   

  12  0:00  Unknown  
  12  0:01  Drone  
  13  0:12  Overlord  
  13  0:17  Drone  
  14  0:31  Drone x2  
  14  0:34  Drone  
  17  0:53  Hatchery  
  17  0:55  Drone  
  17  0:59  Drone  
  18  1:09  Extractor  
  17  1:15  Spawning Pool  
  16  1:19  Drone  
  16  1:20  Drone  
  18  1:28  Drone  
  19  1:47  Overlord  
  19  2:02  Queen  
  19  2:03  Zergling x2  
  19  2:05  Queen, Zergling x2  
  19  2:06  Drone  
  26  2:11  Drone  
  26  2:12  Metabolic Boost  
  27  2:17  Drone  
  27  2:22  Drone  
  29  2:26  Drone  
  30  2:33  Baneling Nest  
  30  2:34  Drone  
  30  2:38  Drone  
  31  2:44  Drone  
  32  2:51  Drone  
  32  2:58  Hatchery  
  32  2:59  Zergling x2  
  32  3:00  Drone  
  34  3:06  Drone  
  34  3:10  Overlord  
  35  3:18  Baneling  
  35  3:19  Baneling x2, Zergling x2  
  36  3:22  Overlord  
  36  3:28  Drone  
  36  3:29  Drone x4  
  36  3:31  Drone  
  42  3:39  Drone  
  43  3:43  Drone x2  
  43  3:45  Drone  
  46  3:49  Roach Warren, Extractor, Drone  
  46  3:53  Overlord  
  45  3:56  Zergling x2  
  45  4:00  Drone  
  45  4:01  Overlord  
  47  4:04  Overlord  
  47  4:08  Extractor  
  44  4:19  Queen  
  44  4:22  Drone  
  44  4:23  Drone x2  
  44  4:24  Overlord, Drone  
  50  4:32  Roach x2  
  50  4:35  Roach  
  50  4:37  Roach  
  58  4:39  Roach  
  58  4:41  Roach  
  58  4:44  Roach  
  58  4:45  Roach  
  66  4:48  Roach  
  66  4:49  Roach  
  70  4:53  Roach  
  70  4:54  Roach  
  70  4:58  Roach x2  
  79  5:00  Roach  
  79  5:03  Baneling x2  
  79  5:04  Roach  
  81  5:11  Roach x3  
  81  5:13  Roach  
  89  5:16  Overlord  
  88  5:23  Overlord  
  88  5:24  Overlord  
  88  5:27  Overlord  
  88  5:33  Baneling Nest, Zergling x2  
  88  5:35  Evolution Chamber  
  88  5:36  Zergling x2  
  88  5:37  Zergling x2  
  88  5:38  Zergling x4  
  88  5:40  Zergling x2  
  88  5:41  Zergling x2  
Show
View Real Time Build Order
Export as new Build Order

IlIlIlIlIlIl Zerg 

Build Orders: Hatch First 

Get SALT Encoding   

  12  0:00  Unknown  
  12  0:01  Drone  
  13  0:08  Drone  
  14  0:17  Overlord  
  14  0:25  Extractor, Drone  
  15  0:37  Drone x2  
  17  0:55  Hatchery  
  16  0:58  Drone  
  16  1:01  Extractor  
  17  1:04  Drone  
  17  1:20  Spawning Pool  
  17  1:22  Drone  
  17  1:25  Drone  
  18  1:29  Drone  
  19  1:37  Overlord  
  19  1:50  Drone  
  20  2:02  Drone  
  20  2:07  Queen, Metabolic Boost  
  23  2:09  Zergling x2  
  24  2:15  Queen  
  24  2:20  Drone  
  24  2:22  Drone  
  28  2:27  Drone  
  29  2:32  Zergling x4  
  31  2:39  Zergling x2  
  32  2:47  Baneling Nest  
  32  2:48  Drone  
  32  2:54  Zergling x4  
  34  3:08  Hatchery  
  34  3:11  Overlord  
  32  3:15  Drone  
  32  3:16  Drone  
  34  3:24  Drone  
  35  3:31  Baneling x5  
  35  3:33  Zergling x4  
  35  3:34  Zergling x2  
  38  3:39  Overlord  
  38  3:44  Drone x2  
  40  3:50  Drone x2  
  40  3:51  Drone  
  43  3:58  Baneling  
  43  4:01  Drone  
  43  4:02  Drone x2  
  46  4:03  Overlord  
  46  4:05  Drone  
  46  4:08  Drone  
  48  4:11  Drone x2  
  49  4:19  Drone  
  49  4:22  Drone  
  49  4:23  Evolution Chamber  
  50  4:27  Drone x2  
  52  4:32  Extractor  
  52  4:35  Drone x2  
  53  4:41  Baneling x2  
  53  4:44  Drone x3  
  56  4:47  Overlord  
  56  4:49  Drone x3  
  60  4:52  Drone  
  60  4:53  Drone  
  60  4:55  Drone x3  
  60  4:56  Drone  
  60  4:59  Evolution Chamber  
  64  5:04  Overlord, Queen  
  64  5:05  Overlord  
  66  5:14  Overlord x2  
  66  5:17  Overlord, Extractor  
  66  5:19  Zergling x4  
  65  5:25  Zergling x4  
  65  5:26  Zergling x2  
  68  5:30  Zergling x6  
  68  5:35  Zergling x2  
  72  5:39  Zergling x4  
  74  5:46  Zergling x2  
  74  5:47  Zergling x6  
Tags
 
Add a new tag
Caveats
  • Supply blocks, unpowered buildings, or Contaminate may cause inaccurate times.
  • Supply counts are checked every 10 seconds.